 Dungeon Crawl Stone Soup version 0.26-a0-651-gb41185065b (webtiles) character file.

Game seed: 1829265274519887863

205486 Flugslaktarn the Severer (level 17, -17/170 HPs)
             Began as a Deep Dwarf Fighter on Oct 6, 2020.
             Was the Champion of Makhleb.
             Demolished by a spriggan defender
             ... wielding a +8 quick blade
             ... led by the Enchantress
              (20 damage)
             ... on level 3 of the Depths.
             The game lasted 00:15:13 (18006 turns).

Flugslaktarn the Severer (Deep Dwarf Fighter)      Turns: 18006, Time: 00:15:14

Health: -17/170    AC: 29    Str: 23    XL:     17   Next: 54%
Magic:  11/11      EV: 10    Int: 23    God:    Makhleb [******]
Gold:   1156       SH: 20    Dex: 16    Spells: 16/16 levels left

rFire    . . .     SeeInvis .   K - +7 broad axe of Sires {freeze, Int+7}
rCold    . . .     Faith    +   v - +0 tower shield
rNeg     + + .     Spirit   .   N - +2 plate armour {MR+}
rPois    +         Reflect  .   s - +1 helmet
rElec    +         Harm     .   a - +0 cloak
rCorr    .         Rampage  .   M - +2 pair of gloves
MR       +++..                  m - +2 pair of boots
Stlth    ..........             Q - amulet of faith
HPRegen  0.00/turn              k - ring "Soecoq" {rElec rN+ Int+4 Dex+3}
MPRegen  0.12/turn              o - ring of poison resistance

@: non-regenerating
A: damage resistance, heal wounds, negative energy resistance 1, sense
surroundings 2, no regeneration
}: 2/15 runes: decaying, gossamer
a: Heal Wounds, Minor Destruction, Lesser Servant of Makhleb, Major Destruction,
Greater Servant of Makhleb, Renounce Religion


You were on level 3 of the Depths.
You worshipped Makhleb.
Makhleb was exalted by your worship.
You visited 6 branches of the dungeon, and saw 31 of its levels.
You also visited: Sewer, Bailey and Gauntlet.

You collected 1862 gold pieces.
You spent 706 gold pieces at shops.

Inventory:

Hand Weapons
 y - a +5 war axe of flaming
   (You took it off an orc on level 6 of the Dungeon)
 K - the +7 broad axe of Sires (weapon) {freeze, Int+7}
   (You acquired it in a bailey)

   It has been specially enchanted to freeze those struck by it, causing extra
   injury to most foes and up to half again as much damage against particularly
   susceptible opponents.
   It can also slow down cold-blooded creatures.
   It affects your intelligence (+7).
Missiles
 i - 2 throwing nets (quivered)
Armour
 a - a +0 cloak (worn)
   (You found it on level 2 of the Dungeon)
 b - a scarf of resistance
   (You found it on level 8 of the Dungeon)
 m - a +2 pair of boots (worn)
   (You found it on level 3 of the Dungeon)
 s - a +1 helmet (worn)
   (You found it on level 13 of the Dungeon)
 v - a +0 tower shield (worn)
   (You took it off an orc on level 8 of the Dungeon)
 M - a +2 pair of gloves (worn)
   (You found it on level 13 of the Dungeon)
 N - a +2 plate armour of magic resistance (worn)
   (You found it on level 15 of the Dungeon)
Jewellery
 c - an uncursed ring of protection from cold
   (You found it on level 4 of the Lair of Beasts)
 k - the ring "Soecoq" (left hand) {rElec rN+ Int+4 Dex+3}
   (You acquired it on level 3 of the Swamp)

   [ring of positive energy]

   It affects your intelligence (+4).
   It affects your dexterity (+3).
   It insulates you from electricity.
   It protects you from negative energy.
 o - a ring of poison resistance (right hand)
   (You found it on level 7 of the Dungeon)
 Q - an amulet of faith (around neck)
   (You found it on level 3 of the Spider Nest)
Wands
 f - a wand of iceblast (11)
   (You found it on level 1 of the Lair of Beasts)
 g - a wand of digging (2)
   (You found it on level 9 of the Dungeon)
 u - a wand of enslavement (20)
   (You found it on level 7 of the Dungeon)
 D - a wand of paralysis (13)
   (You found it in a Gauntlet)
Scrolls
 e - 3 scrolls of immolation
 l - a scroll of brand weapon
 p - a scroll of fear
 r - 2 scrolls of identify
 t - 5 scrolls of teleportation
 x - 9 scrolls of remove curse
 z - a scroll of blinking
 H - 2 scrolls of enchant weapon
 L - 7 scrolls of magic mapping
 P - a scroll of silence
 R - a scroll of holy word
 T - a scroll of fog
 U - a scroll of vulnerability
Potions
 d - 6 potions of might
 h - a potion of haste
 j - 3 potions of cancellation
 n - a potion of resistance
 q - 8 potions of curing
 w - 7 potions of heal wounds
 A - a potion of mutation
 B - 3 potions of magic
 E - 2 potions of ambrosia
 G - 2 potions of berserk rage
 I - 3 potions of lignification
 J - a potion of flight
 O - 3 potions of invisibility
Miscellaneous
 C - a tin of tremorstones (1/3)
   (You found it on level 1 of the Lair of Beasts)
 F - a condenser vane (inert)
   (You bought it in a shop on level 9 of the Dungeon)


   Skills:
 * Level 15.6 Fighting
 - Level 18.0 Axes
 + Level 13.5 Armour
 + Level 8.0 Dodging
 + Level 13.5 Shields
 + Level 14.4 Invocations
 - Level 10.0 Evocations


You had 16 spell levels left.
You didn't know any spells.
Your spell library was empty.

Dungeon Overview and Level Annotations

Branches:
Dungeon (15/15)            Temple (1/1) D:7            Lair (4/6) D:8
  Swamp (4/4) Lair:4       Spider (4/4) Lair:2          Orc (0/2) D:9
 Vaults (0/5) D:13         Depths (3/5) D:15          Sewer (visited)
 Bailey (visited)         Gauntlet (visited)

Altars:
Ashenzari
Cheibriados
Dithmenos
Elyvilon
Fedhas
Gozag
Hepliaklqana
Kikubaaqudgha
Makhleb
Nemelex Xobeh
Okawaru
Qazlal
Ru
Sif Muna
Trog
Uskayaw
Vehumet
Wu Jian
Xom
Yredelemnul
Zin
The Shining One

Shops:
D:8 **:   D:9 }   D:12 ![[=   Depths:1 *=}=

Portals:
Abyss: Depths:1
Pandemonium: Depths:1
Ziggurat: Depths:1

Annotations:
D:6 2 transporters, XO4YCPATb's ghost, amateur TrMo
D:11 exclusion: door
Swamp:4 Mara


Innate Abilities, Weirdness & Mutations

You are resistant to damage.
You can heal yourself by infusing magical energy.
You resist negative energy. (rN+)
You passively map the area around you.
You do not regenerate.


Message History

You hear a horrible gurgling sound! x3
You are too injured to fight recklessly!
You hear a shout!
You block the spriggan defender's attack. x2
The spriggan defender hits you with a +8 quick blade!!
* * * LOW HITPOINT WARNING * * *
You block the ice dragon's attack.
The ice dragon claws you but does no damage.
You block the ice dragon's attack.
You are too injured to fight recklessly!
You are too injured to fight recklessly!
Evoke which item? (* to show all) (? for menu, Esc to quit)
Clouds of freezing vapour condense around you!
The condenser dries out!
The spriggan defender is engulfed in freezing vapours.
The spriggan defender hits you with a +8 quick blade!!
* * * LOW HITPOINT WARNING * * *
The spriggan defender is engulfed in freezing vapours.
The spriggan defender hits you with a +8 quick blade!!
You die...

##......# ###,, , ,
###.##....####.# ,, ' ,
####...#......(...# R.. , ,
.##............(..# .., *, ,
..................##.. *,
................(.)#.# *
#.#..............##.)###.,**
** ................§##§[....
, *
#.#.........###.@iD§..... ,
, ...........## ###D§§.)...
, #.#........# ##§...... , ,
............ ##..... #.#...
, * #.... .. , , ,* * ....
,* .. ,, * ... .. , , * . ,
,, * ***


You could see a fire dragon (catching breath), an ice dragon and a spriggan
defender (berserk).

Vanquished Creatures
  Arachne (Spider:4)
  A bone dragon (Swamp:4)
  A lich (Depths:1)
  the Enchantress (Depths:3)
  A thorn hunter (Swamp:4)
  A frost giant (Depths:2)
  3 emperor scorpions
  A fire giant (Depths:1)
  2 ghost moths
  An ironheart preserver (D:13)
  2 spriggan defenders (Depths:3)
  4 stone giants
  An entropy weaver (Spider:3)
  A very ugly thing (Depths:1)
  A minotaur (Gauntlet)
  5 spark wasps
  A merfolk impaler (Depths:1)
  Josephine (D:14)
  2 ettins (Depths:1)
  A yaktaur captain (Depths:1)
  3 ice dragons
  A rakshasa (Depths:1)
  A great orb of eyes (Depths:1)
  3 ghost crabs
  5 hydras
  A spriggan air mage (Depths:3)
  4 two-headed ogres
  3 centaur warriors
  2 shambling mangroves
  A catoblepas (Lair:2)
  3 deep troll shamans (Depths:1)
  11 alligators
  3 tengu warriors (D:14)
  A spriggan berserker (Depths:3)
  7 spriggans
  A spriggan druid (Swamp:3)
  An iron troll (Depths:1)
  A salamander mystic (Depths:2)
  4 skeletal warriors (D:14)
  2 spectral hydras (Swamp:4)
  A glowing orange brain (Gauntlet)
  7 unseen horrors
  2 phantasmal warriors (Swamp:4)
  A deep elf mage (D:14)
  An orc knight (Bailey)
  5 cyclopes
  18 wolf spiders
  15 orb spiders
  24 ugly things
  An orc sorcerer (Bailey)
  A moth of wrath (shapeshifter) (Depths:3)
  3 salamanders (Depths:2)
  2 manticores
  2 black mambas (shapeshifter)
  2 moths of wrath
  An ice statue (Gauntlet)
  4 centaur skeletons
  A gargoyle (D:13)
  2 torpor snails
  Maggie (D:10)
  5 swamp worm zombies (Swamp:4)
  8 cane toads
  15 yaktaurs
  5 rime drakes
  2 efreet
  8 demonic crawlers
  A yaktaur (shapeshifter) (D:15)
  6 kobold demonologists
  3 ice devils
  3 komodo dragons
  A jumping spider (shapeshifter) (D:15)
  9 trolls
  2 tengu conjurers
  9 jumping spiders
  14 slime creatures
  15 hornets
  3 hydra zombies (Swamp:4)
  5 tyrant leeches
  2 spectral swamp dragons (Swamp:4)
  8 bog bodies
  3 blink frogs (Lair:4)
  2 alligator zombies (Swamp:4)
  8 hippogriffs
  40 redbacks
  10 wraiths
  A shadow (Swamp:3)
  2 tarantellas (shapeshifter)
  27 tarantellas
  A wyvern (D:15)
  18 yaks
  14 vampire mosquitoes
  Menkaure (D:5)
  16 insubstantial wisps
  10 swamp worms
  3 acid dragons
  3 water moccasins
  2 swamp drakes (Swamp:3)
  2 porcupines
  5 sky beasts
  7 ice beasts
  16 orc warriors
  3 black bears
  4 swamp dragon zombies (Swamp:4)
  2 eyes of draining (D:14)
  10 phantoms
  8 boggarts
  5 ogres
  16 wolves
  10 centaurs
  7 crocodiles
  6 big kobolds
  12 bullfrogs
  A bullfrog (shapeshifter) (D:14)
  2 wyvern zombies
  A wyvern skeleton (D:10)
  6 scorpions
  2 troll zombies (D:9)
  19 killer bees
  19 wights
  5 electric eels
  4 howler monkeys
  4 bullfrog zombies
  A quasit (D:13)
  2 bullfrog skeletons
  2 centaur zombies
  8 hounds
  6 jellies
  A gnoll shaman (D:4)
  7 orc priests
  Crazy Yiuf (D:5)
  6 iguanas
  10 orc wizards
  12 worker ants
  A spectral swamp drake (Swamp:4)
  6 ogre zombies (D:9)
  2 hound skeletons
  A worker ant zombie (D:9)
  11 gnolls
  3 swamp drake zombies (Swamp:4)
  9 adders
  5 shadow imps
  6 white imps
  An ufetubus (D:8)
  2 adder zombies
  2 worms
  4 leopard geckos
  62 orcs
  3 bats
  3 giant cockroaches
  10 goblins
  11 hobgoblins
  5 jackals
  2 quokkas
  3 ball pythons
  3 frilled lizards
  5 goblin zombies (D:9)
  3 hobgoblin skeletons (D:9)
  2 hobgoblin zombies (D:9)
  24 kobolds
  2 leopard gecko skeletons
  3 orc skeletons (D:9)
  12 orc zombies (D:9)
  4 rats
911 creatures vanquished.

Vanquished Creatures (collateral kills)
  An emperor scorpion (Spider:4)
  A ghost moth (Spider:4)
  A hydra (D:14)
  A centaur warrior (D:14)
  A skeletal warrior (D:14)
  A wizard (D:14)
  An ugly thing (D:14)
  An orb spider (Spider:4)
  A wolf spider (Spider:4)
  2 jumping spiders (Spider:4)
  2 hornets (Spider:4)
  A tarantella (Spider:4)
  An ogre (D:6)
  A wolf (Lair:1)
  A bullfrog (D:14)
17 creatures vanquished.

Vanquished Creatures (others)
  A ghost moth (Spider:4)
  4 insubstantial wisps (Swamp:4)
  2 hobgoblins (Bailey)
  3 briar patches (Swamp:4)
  31 fungi
  45 plants
86 creatures vanquished.

Grand Total: 1014 creatures vanquished

Notes
Turn   | Place    | Note
-------+----------+-------------------------------------------
     0 | D:1      | Flugslaktarn the Deep Dwarf Fighter began the quest for the
                  | Orb.
     0 | D:1      | Reached XP level 1. HP: 20/20 MP: 1/1
   235 | D:2      | Reached XP level 2. HP: 27/27 MP: 2/2
   353 | D:3      | Found a glowing drain.
   359 | D:3      | Reached XP level 3. HP: 24/34 MP: 3/3
   363 | Sewer    | Entered a sewer
   708 | D:4      | Reached skill level 3 in Axes
   708 | D:4      | Reached XP level 4. HP: 38/42 MP: 4/4
   715 | D:4      | Reached XP level 5. HP: 42/50 MP: 5/5
   808 | D:4      | Reached skill level 4 in Axes
   885 | D:4      | Noticed a phantom
   942 | D:4      | Killed a phantom
   942 | D:4      | Reached XP level 6. HP: 43/57 MP: 5/5
  1161 | D:5      | Entered Level 5 of the Dungeon
  1170 | D:5      | Reached skill level 5 in Axes
  1170 | D:5      | Reached XP level 7. HP: 40/66 MP: 6/6
  1198 | D:5      | Noticed Menkaure
  1203 | D:5      | Reached skill level 5 in Fighting
  1218 | D:5      | Killed Menkaure
  1218 | D:5      | Reached skill level 5 in Armour
  1218 | D:5      | Reached skill level 5 in Shields
  1304 | D:5      | Found a runed translucent door.
  1305 | D:5      | Noticed Crazy Yiuf
  1655 | D:5      | Found a sacrificial altar of Ru.
  1947 | D:5      | Killed Crazy Yiuf
  2038 | D:6      | Found a transporter.
  2038 | D:6      | Found a transporter.
  2047 | D:6      | Identified the +3 spear "Ereix" {vamp, rPois rF- Str+8}
  2047 | D:6      | Identified the cursed +0 ring mail "Wyghig Wiaju" {Rampage
                  | rElec Dex+2}
  2192 | D:6      | Noticed XO4YCPATb's ghost (amateur TrMo)
  2238 | D:6      | Found an opulent altar of Gozag.
  2316 | D:6      | Reached skill level 6 in Axes
  2328 | D:6      | Reached XP level 8. HP: 65/75 MP: 5/5
  2396 | D:6      | Noticed a +0 dagger
  2396 | D:6      | Noticed a +0 dagger
  2424 | D:6      | Found a hide-covered altar of Uskayaw.
  2774 | D:7      | Found a staircase to the Ecumenical Temple.
  2859 | D:7      | Reached skill level 7 in Axes
  2891 | D:8      | Found Cupaexun's Book Boutique.
  2899 | Temple   | Entered the Ecumenical Temple
  3145 | Temple   | Became a worshipper of Makhleb the Destroyer
  3331 | D:7      | Reached skill level 1 in Invocations
  3451 | D:7      | Found a blossoming altar of Fedhas.
  3485 | D:7      | Gained mutation: You passively map the area around you.
                  | [Deep Dwarf growth]
  3485 | D:7      | Reached XP level 9. HP: 82/85 MP: 7/7
  3582 | D:8      | Reached skill level 8 in Axes
  3605 | D:8      | Reached * piety under Makhleb
  3670 | D:8      | Noticed a two-headed ogre
  3702 | D:8      | Killed a two-headed ogre
  3702 | D:8      | Reached skill level 9 in Axes
  3836 | D:8      | Reached XP level 10. HP: 74/96 MP: 9/9
  3867 | D:8      | Found Woir's Assorted Antiques.
  3925 | D:8      | Found a white marble altar of Elyvilon.
  3925 | D:8      | Found a faded altar of an unknown god.
  3930 | D:8      | Found a faded altar of an unknown god.
  3932 | D:8      | Found a snail-covered altar of Cheibriados.
  3933 | D:8      | Found a blossoming altar of Fedhas.
  4035 | D:8      | Reached skill level 5 in Invocations
  4043 | D:8      | Found Mafatanu's Assorted Antiques.
  4104 | D:8      | Found a staircase to the Lair.
  4373 | D:8      | Found an ornate altar of the Wu Jian Council.
  4374 | D:8      | Found a radiant altar of Vehumet.
  4489 | D:8      | Bought a scroll labeled AMOM NESEE for 34 gold pieces
  4489 | D:8      | Bought a scroll labeled IXIWICLOJIKH for 34 gold pieces
  4489 | D:8      | Bought 2 golden potions for 61 gold pieces
  4489 | D:8      | Bought a glowing ruby potion for 30 gold pieces
  4491 | D:8      | Acquired a manual of Axes
  4657 | D:9      | Found a shadowy altar of Dithmenos.
  4761 | D:9      | Reached ** piety under Makhleb
  4766 | D:9      | Reached skill level 10 in Axes
  5034 | D:9      | Reached *** piety under Makhleb
  5059 | D:9      | Found Tivaosuc's Gadget Boutique.
  5067 | D:9      | Bought a condenser vane (2/2) for 300 gold pieces
  5096 | D:9      | Found a staircase to the Orcish Mines.
  5107 | D:9      | Reached skill level 11 in Axes
  5183 | D:9      | Reached **** piety under Makhleb
  5747 | D:10     | Entered Level 10 of the Dungeon
  5783 | D:10     | Reached skill level 1 in Evocations
  5815 | D:10     | Reached XP level 11. HP: 106/106 MP: 11/11
  6090 | D:10     | Noticed Maggie
  6104 | D:10     | Killed Maggie
  6594 | D:11     | Reached skill level 12 in Axes
  6601 | D:11     | Found a shimmering blue altar of Sif Muna.
  6676 | D:11     | Noticed a cyan ugly thing
  6691 | D:11     | Killed a cyan ugly thing
  6853 | D:11     | Reached ***** piety under Makhleb
  7065 | D:12     | Found Yfasyopt's Distillery.
  7292 | D:12     | Found Qituu's Antique Armour Shop.
  7298 | D:12     | Found Hukyng's Armour Shop.
  7400 | D:12     | Found Leczogh's Jewellery Shop.
  7562 | D:12     | Reached skill level 10 in Fighting
  7589 | D:12     | Reached skill level 13 in Axes
  7601 | D:12     | Found a flagged portal.
  7656 | Bailey   | Entered a bailey
  7685 | Bailey   | Noticed an orc knight
  7704 | Bailey   | Killed an orc knight
  7717 | Bailey   | Found an iron altar of Okawaru.
  7717 | Bailey   | Noticed an orc sorcerer
  7726 | Bailey   | Killed an orc sorcerer
  7726 | Bailey   | Reached XP level 12. HP: 89/116 MP: 11/11
  8077 | Bailey   | Acquired the +7 broad axe of Sires {freeze, Int+7}
  8454 | D:12     | Bought a glowing helmet for 247 gold pieces
  8490 | D:13     | Reached skill level 5 in Evocations
  8554 | D:13     | Noticed a two-headed ogre
  8569 | D:13     | Killed a two-headed ogre
  8699 | D:13     | Noticed a two-headed ogre
  8709 | D:13     | Killed a two-headed ogre
  8709 | D:13     | Reached skill level 14 in Axes
  8857 | D:13     | Noticed a centaur warrior
  8883 | D:13     | Killed a centaur warrior
  8996 | D:13     | Found a frozen archway.
  9251 | D:13     | Found a gate to the Vaults.
  9251 | D:13     | Noticed an ironheart preserver
  9256 | D:13     | Reached ****** piety under Makhleb
  9265 | D:13     | Killed an ironheart preserver
  9372 | D:14     | Noticed a centaur warrior
  9377 | D:14     | Reached skill level 15 in Axes
  9386 | D:14     | Killed a centaur warrior
  9386 | D:14     | Reached XP level 13. HP: 127/127 MP: 13/13
  9466 | D:14     | Reached skill level 10 in Armour
  9466 | D:14     | Reached skill level 10 in Shields
  9598 | D:14     | Noticed Josephine
  9607 | D:14     | Reached skill level 10 in Invocations
  9608 | D:14     | Killed Josephine
  9709 | D:14     | Reached skill level 16 in Axes
 10051 | D:15     | Entered Level 15 of the Dungeon
 10225 | D:15     | Gained mutation: You resist negative energy. (rN+) [Deep
                  | Dwarf growth]
 10225 | D:15     | Reached XP level 14. HP: 138/138 MP: 12/12
 10700 | D:15     | Found a staircase to the Depths.
 11131 | Lair:1   | Entered Level 1 of the Lair of Beasts
 11456 | Lair:2   | Found a dark tunnel.
 11629 | Lair:2   | Found a gate leading to a gauntlet.
 11695 | Gauntlet | Entered a Gauntlet
 11695 | Gauntlet | Found a transporter.
 11695 | Gauntlet | Found a transporter.
 11696 | Gauntlet | Found a transporter.
 11696 | Gauntlet | Found a transporter.
 11699 | Gauntlet | Found a transporter.
 11699 | Gauntlet | Found a transporter.
 11709 | Gauntlet | Found a transporter.
 11713 | Gauntlet | Found a transporter.
 11727 | Gauntlet | Found a transporter.
 11825 | Gauntlet | Found a transporter.
 11830 | Gauntlet | Found a transporter.
 11843 | Gauntlet | Found a transporter.
 11990 | Gauntlet | Got a sparkling bone ring
 12041 | Gauntlet | Identified the Volume of the Birds
 12194 | Lair:2   | Found a hole to the Spider Nest.
 12201 | Lair:2   | Identified the ring of Gadichy {rPois rC- Str+2 Int+6 SInv}
                  | (You found it in a Gauntlet)
 13703 | Lair:4   | Found a staircase to the Swamp.
 14095 | Spider:1 | Entered Level 1 of the Spider Nest
 14097 | Spider:1 | Noticed an emperor scorpion
 14127 | Spider:1 | Killed an emperor scorpion
 14299 | Spider:1 | Reached skill level 17 in Axes
 14316 | Spider:2 | Reached skill level 1 in Dodging
 14453 | Spider:2 | Reached XP level 15. HP: 131/147 MP: 13/13
 14494 | Spider:3 | Killed a ghost moth
 14494 | Spider:3 | Reached skill level 10 in Evocations
 14910 | Spider:4 | Entered Level 4 of the Spider Nest
 15122 | Spider:4 | Noticed Arachne
 15156 | Spider:4 | Killed Arachne
 15440 | Spider:4 | Killed a ghost moth
 15505 | Spider:4 | Killed a ghost moth
 15511 | Spider:4 | Noticed a ghost moth
 15512 | Spider:4 | Killed a ghost moth
 15512 | Spider:4 | Reached XP level 16. HP: 158/158 MP: 0/11
 15551 | Spider:4 | Got a gossamer rune of Zot
 15756 | Swamp:1  | Entered Level 1 of the Swamp
 15814 | Swamp:1  | Reached skill level 18 in Axes
 15855 | Swamp:2  | Reached skill level 5 in Dodging
 16143 | Swamp:3  | Acquired the ring "Soecoq" {rElec rN+ Int+4 Dex+3}
 16439 | Swamp:4  | Entered Level 4 of the Swamp
 16467 | Swamp:4  | Noticed a thorn hunter
 16502 | Swamp:4  | Killed a thorn hunter
 16779 | Swamp:4  | Noticed Mara
 16791 | Swamp:4  | Noticed Flugslaktarn's illusion
 16873 | Swamp:4  | Noticed a bone dragon
 16914 | Swamp:4  | Killed a bone dragon
 16983 | Swamp:4  | Got a decaying rune of Zot
 17372 | Depths:1 | Entered Level 1 of the Depths
 17388 | Depths:1 | Reached skill level 15 in Fighting
 17402 | Depths:1 | Found a one-way gate to the infinite horrors of the Abyss.
 17458 | Depths:1 | Reached XP level 17. HP: 156/166 MP: 12/12
 17547 | Depths:1 | Found Enamud's Jewellery Emporium.
 17547 | Depths:1 | Found Zeol's Gadget Boutique.
 17548 | Depths:1 | Found Otyuproh's Jewellery Emporium.
 17568 | Depths:1 | Noticed a lich
 17585 | Depths:1 | Killed a lich
 17784 | Depths:1 | Found a one-way gate leading to the halls of Pandemonium.
 17787 | Depths:1 | Found a gateway to a ziggurat.
 17828 | Depths:1 | Found Eduntef's Assorted Antiques.
 17983 | Depths:3 | Noticed the Enchantress
 17988 | Depths:3 | Killed the Enchantress
 18006 | Depths:3 | HP: 3/170 [spriggan defender/+8 quick blade[the
                  | Enchantress] (26)]
 18006 | Depths:3 | Demolished by a spriggan defender

Illustrated notes

Levels and vault maps discovered:
D:1:      zaba_arrival_water, layout_basic
D:2:      layout_loops_corners, minmay_indecisive_spiral, uniq_sigmund,
          uniq_natasha
D:3:      layout_basic, cheibrodos_sewer_entry_sluice, minivault_26,
          hex_intersection, minivault_24, minmay_box_of_dots
D:4:      layout_rooms, serial_glass, glass_columns_c, glass_columns_a
D:5:      layout_loops_ring, nicolae_ru_sacrificial_ziggurat, uniq_menkaure,
          uniq_crazy_yiuf_cottage
D:6:      layout_loops_corners, nicolae_gozag_seed_capital,
          dancing_weapons_uskayaw, gammafunk_ghost_gnarly_gnolls
D:7:      layout_basic, minmay_temple_entry_statues_fountains, fedhas_altar_2
D:8:      layout_loops_ring, chequers_temple_overflow_minitemple,
          gammafunk_temple_overflow_statue, grunt_lair_entry_orc_guard_hut,
          serial_shops, shop_statue, shop, shop_statue
D:9:      layout_layer_cave, zombieorc2_lemuel, serial_shops, shop,
          minmay_misc_feat_more_columns, nicolae_dithmenos_shadow_blocks
D:10:     layout_basic, uniq_maggie
D:11:     layout_roguey, led_sif_book
D:12:     layout_basic, enter_bailey_2, serial_shops, shop, shop, shop,
          nicolae_shop_stone, hangedman_decor_clover_reticule
D:13:     layout_rooms, skrybe_vaults_entry_preservation,
          portal_ice_cave_demonic_guard
D:14:     layout_rooms, hangedman_decor_diamond_cutter, uniq_josephine
D:15:     gammafunk_enter_depths_forms, layout_small_grid, serial_glass,
          glass_columns_a, glass_columns_c, due_unseen_surprise,
          item_on_display_a
Temple:   minmay_temple_curvy_branch
Lair:1:   layout_regular_city
Lair:2:   layout_cave_pods, spider_nest_entry_rubble, gauntlet_entry_generic,
          nicolae_volcano_entry_lava_flow, minivault_24, serial_bayou_lagoon_a
Lair:3:   layout_cave_pods, minivault_27, grunt_megastairs_3,
          infiniplex_staircase_pool_2
Lair:4:   layout_long_grid, swamp_mist_pool
Swamp:1:  layout_falls_marsh, evilmike_swamp_ruin_house_2, swamp_pool5,
          worms_lemuel, uniq_kirke
Swamp:2:  layout_basic_swamp, basic_altar, swamp_pool1,
          nicolae_swamp_round_clearing
Swamp:3:  cheibrodos_swamp_heart_of_darkness, layout_basic_swamp,
          nicolae_swamp_feature_on_the_river_bank
Swamp:4:  swamp_pestilence, layout_basic_swamp, uniq_mara
Spider:1: layout_chambers, uniq_aizul
Spider:2: layout_chambers, nicolae_spider_cling_halls
Spider:3: layout_spider_delve
Spider:4: spider_rune_water, hive_lemuel, uniq_arachne
Depths:1: layout_roguey, enter_ziggurat_b, hellmouth_1, pan_entry,
          minmay_crystal_water, serial_shops, nicolae_shop_window_shopping,
          hangedman_abyss_entry_splay, grunt_decor_mini_mirrors,
          minmay_misc_feat_x, minmay_starry_boxes, minmay_shop_grove
Depths:2: cheibrodos_hall_of_evolution, layout_gridlike, hell_entry,
          serial_shops, shop, kennysheep_mini, serial_glass, glass_columns_b,
          glass_columns_a, glass_columns_b, glass_columns_a, glass_columns_a,
          glass_columns_b
Depths:3: minmay_heptahexagon, layout_cave_shapes, grunt_pan_entry_in_and_out,
          hell_entry, glass_columns_c, uniq_enchantress, uniq_sojobo

Skill      XL: |  1  2  3  4  5  6  7  8  9 10 11 12 13 14 15 16 17 |
---------------+----------------------------------------------------+-----
Fighting       | 3 4 5 6 7 9 10 11 12 13 15 | 15.6
Axes           | 3 4 5 6 7 9 11 13 15 16 17 18 | 18.0
Armour         | 4 5 6 7 8 9 10 11 12 13 | 13.5
Shields        | 4 5 6 7 8 9 10 11 12 13 | 13.5
Invocations    | 2 4 6 7 9 10 11 12 13 14 | 14.4
Evocations     | 1 4 6 8 9 10 | 10.0
Dodging        | 1 4 6 8 |  8.0

Action                   |  1- 3 |  4- 6 |  7- 9 | 10-12 | 13-15 | 16-18 || total
-------------------------+-------+-------+-------+-------+-------+-------++-------
Melee: War axe           |    74 |    98 |   271 |   528 |       |       ||   971
       Broad axe         |       |       |       |   211 |   848 |   751 ||  1810
Invok: Lesser Servant of |       |       |       |       |     5 |     1 ||     6
       Greater Servant o |       |       |       |       |     1 |       ||     1
 Abil: Heal Wounds       |     1 |     3 |    16 |     6 |    19 |    12 ||    57
Evoke: Condenser vane    |       |       |       |     1 |     6 |     3 ||    10
       Wand              |       |       |       |       |     1 |       ||     1
       Tin of tremorston |       |       |       |       |     2 |     7 ||     9
  Use: Scroll            |       |       |    15 |     7 |    12 |    11 ||    45
       Potion            |       |       |       |       |     2 |       ||     2
 Stab: Distracted        |       |       |     1 |     1 |     3 |       ||     5
       Sleeping          |       |       |       |     5 |     1 |       ||     6
       Confused          |       |       |       |       |     1 |       ||     1
Armor: Scale mail        |    31 |    47 |    57 |       |       |       ||   135
       Plate armour      |       |       |   122 |   158 |   696 |   565 ||  1541
       Shadow dragon sca |       |       |       |   171 |   222 |       ||   393
Dodge: Dodged            |    25 |    27 |    50 |    76 |   215 |   195 ||   588
Block: Kite shield       |    62 |    57 |   150 |       |       |       ||   269
       Tower shield      |       |       |    28 |   625 |  1005 |   762 ||  2420

Table legend: (Time is in decaauts)
 A = Elapsed time spent in this place.
 B = Non-inter-level travel time spent in this place.
 C = Inter-level travel time spent in this place.
 D = Time resting spent in this place.
 E = Time spent auto-exploring this place.
 F = Levels seen in this place.
 G = Mean time per level.
                   A        B        C        D        E       F      G
               +--------+--------+--------+--------+--------+-----+--------+
         Total |  18080 |  16454 |   1626 |    414 |  10818 |  34 |  531.8 |
       Dungeon |  10631 |   9629 |   1002 |    100 |   6808 |  15 |  708.7 |
        Temple |    268 |    226 |     42 |      0 |    223 |   1 |  268.0 |
          Lair |   2720 |   2443 |    277 |      0 |   2172 |   4 |  680.0 |
         Swamp |   1391 |   1252 |    139 |      9 |    523 |   4 |  347.8 |
   Spider Nest |   1571 |   1415 |    156 |    105 |    626 |   4 |  392.8 |
        Depths |    580 |    571 |      9 |      0 |    288 |   3 |  193.3 |
         Sewer |     60 |     60 |      0 |      0 |     17 |   1 |   60.0 |
        Bailey |    510 |    510 |      0 |    200 |     11 |   1 |  510.0 |
      Gauntlet |    344 |    344 |      0 |      0 |    149 |   1 |  344.0 |
               +--------+--------+--------+--------+--------+-----+--------+

Top non-repeatable levels by time:
     D:9: 1285 daAuts
     D:8: 1022 daAuts
  Lair:2: 1017 daAuts
    D:15: 989 daAuts
    D:12: 943 daAuts
    D:13: 926 daAuts
     D:5: 831 daAuts
     D:6: 799 daAuts
    D:10: 793 daAuts
  Lair:3: 781 daAuts
Spider:4: 686 daAuts
    D:14: 669 daAuts
    D:11: 653 daAuts
  Lair:4: 595 daAuts
 Swamp:4: 565 daAuts
